 Dungeon Crawl Stone Soup version 0.26.0-16-gc1dbca0489 (webtiles) character file.

Game seed: 7077921506290257792

106 kaeus the Sneak (level 4, -3/27 HPs)
             Began as an Octopode Fire Elementalist on Jan 22, 2021.
             Killed from afar by an orc wizard (7 damage)
             ... with a puff of frost
             ... on level 3 of the Dungeon.
             The game lasted 00:01:50 (3058 turns).

kaeus the Sneak (Octopode Fire Elementalist)        Turns: 3058, Time: 00:01:50

Health: -3/27      AC:  1    Str:  7    XL:     4   Next: 84%
Magic:  1/8        EV: 14    Int: 18    God:
Gold:   118        SH:  0    Dex: 12    Spells: 7/8 levels left

rFire    . . .     SeeInvis .   i - +0 mace (venom)
rCold    . . .     Faith    .   (no shield)
rNeg     . . .     Spirit   .   (helmet restricted)
rPois    .         Reflect  .   (no amulet)
rElec    .         Harm     .   (no ring)
rCorr    .         Rampage  .   (no ring)
Will     .....                  (no ring)
Stlth    +++.......             (no ring)
HPRegen  0.09/turn              (no ring)
MPRegen  0.11/turn              (no ring)
                                (no ring)
                                (no ring)

@: no status effects
A: almost no armour, stealthy swim, amphibious, 8 rings, constrict 8, camouflage
1, gelatinous body 1
a: no special abilities


You were on level 3 of the Dungeon.
You visited 1 branch of the dungeon, and saw 3 of its levels.

You collected 118 gold pieces.

Inventory:

Hand Weapons
 i - a +0 mace of venom (weapon)
 k - a +0 short sword of speed
Jewellery
 l - a +6 ring of dexterity {unknown}
Scrolls
 c - a scroll of enchant weapon {unknown}
 d - 5 scrolls of enchant armour {unknown}
 f - 3 scrolls of teleportation {unknown}
 g - a scroll of magic mapping {unknown}
 h - 5 scrolls of identify {unknown}
 j - a scroll of amnesia {unknown}
Potions
 a - 2 potions of curing {unknown}
 b - 2 potions of degeneration {unknown}
 e - 3 potions of heal wounds {unknown}


   Skills:
 + Level 2.7 Dodging
 + Level 3.9 Stealth
 + Level 2.6 Spellcasting
 + Level 2.1 Conjurations
 + Level 3.5 Fire Magic


You had 7 spell levels left.
You knew the following spells:

 Your Spells              Type           Power        Failure   Level
a - Foxfire               Conj/Fire      48%          5%          1

Your spell library contained the following spells:

 Spells                   Type           Power        Failure   Level
 Conjure Flame            Conj/Fire      12%          16%         3
 Inner Flame              Hex/Fire       8%           24%         3
 Sticky Flame             Conj/Fire      12%          45%         4
 Fireball                 Conj/Fire      6%           82%         5


Dungeon Overview and Level Annotations

Branches:
Dungeon (3/15)

Altars:

Annotations:
D:3 Grinder


Innate Abilities, Weirdness & Mutations

You cannot wear most types of armour.
You are very stealthy in the water. (Stealth+)
You are amphibious.
You can wear up to eight rings at the same time.
You can use your tentacles to constrict eight enemies at once.
Your skin changes colour to match your surroundings (Stealth+).
Your rubbery body absorbs attacks. (AC +1, EV +1)


Message History

The orc wizard casts a spell at you. The puff of frost hits you.
The orc priest shouts!
You take 6 damage, and have 9/27 hp.
MASSIVE DAMAGE!!
You hit the orc wizard. You grab the orc wizard.
The orc wizard is lightly wounded.
You constrict the orc wizard.
You hear a shout!
The orc priest calls upon Beogh to heal the orc wizard.
The orc wizard's wounds heal themselves!
The orc wizard hits you with a +0 dagger.
* * * LOW HITPOINT WARNING * * *
The orc wizard hits you with a +0 dagger.
* * * LOW HITPOINT WARNING * * *
You take 5 damage, and have 4/27 hp.
You release your grip on the orc wizard.
An orc comes into view.
The orc wizard points at you and mumbles some strange words.
The puff of frost hits you!
You die...

#... ### ##... ## #..
....# #. #.###.#.######
#. #...ยง.#.##...# #.
#..##.#.##.#.# #.
#.....#.##.#.#
##o#.##..##...##.#.####
#..oo.@..####.##.#.....
#...[###.# #.##.#.####
....#..
#.####....#.#### ...
#.. #.......#.#..... .
#.. #######.#.######
..> #........... .###
#........... $
#...........
#...........


You could see an orc priest, an orc wizard and an orc.

Vanquished Creatures
  A gnoll (D:1)
  3 adders
  An ooze (D:2)
  2 dart slugs (D:1)
  3 leopard geckos
  2 orcs (D:3)
  4 giant cockroaches
  7 goblins
  6 hobgoblins (D:1)
  9 jackals
  A ball python (D:1)
  4 bats
  4 frilled lizards
  5 kobolds
52 creatures vanquished.

Vanquished Creatures (others)
  182 foxfires
182 creatures vanquished.

Grand Total: 234 creatures vanquished

Notes
Turn   | Place    | Note
-------+----------+-------------------------------------------
     0 | D:1      | kaeus the Octopode Fire Elementalist began the quest for
                  | the Orb.
     0 | D:1      | Reached XP level 1. HP: 11/11 MP: 3/3
   302 | D:1      | Reached XP level 2. HP: 17/17 MP: 0/5
   878 | D:1      | Reached XP level 3. HP: 17/21 MP: 0/6
  2004 | D:2      | Reached XP level 4. HP: 27/27 MP: 0/7
  2890 | D:3      | Noticed Grinder
  3058 | D:3      | Killed from afar by an orc wizard

Illustrated notes

Levels and vault maps discovered:
D:1:      sevenhm_arrival_forest_fort_small_5, layout_basic
D:2:      layout_rooms, wander_ebering_terrifying_dragon_lair
D:3:      layout_basic, dk_noncrumbling_2, nicolae_ru_the_path_less_chosen,
          uniq_ijyb, uniq_sigmund, uniq_grinder

Skill      XL: |  1  2  3  4 |
---------------+-------------+-----
Stealth        | 3 |  3.9
Conjurations   | 2 |  2.1
Dodging        | |  2.7
Spellcasting   | |  2.6
Fire Magic     | |  3.5

Action                   |  1- 3 |  4- 6 || total
-------------------------+-------+-------++-------
Melee: Unarmed           |     5 |       ||     5
       Tentacles         |     4 |     3 ||     7
       Constrict         |     8 |     6 ||    14
       Short sword       |     9 |       ||     9
       Mace              |     8 |    20 ||    28
 Cast: Foxfire           |    85 |    36 ||   121
Armor: Skin              |     1 |     2 ||     3
Dodge: Dodged            |    14 |    24 ||    38
